 Dungeon Crawl Stone Soup version 0.29-a0-409-gd843f3a48c (webtiles) character file.

Game seed: 896627933213856401

43 holysushi the Scratcher (level 3, 0/16 HPs)
             Began as a Felid Transmuter on May 14, 2022.
             Slain by Robin
             ... wielding a +3 trident of freezing
              (1 damage)
             ... on level 2 of the Dungeon.
             The game lasted 00:06:39 (4634 turns).

holysushi the Scratcher (Felid Transmuter)          Turns: 4634, Time: 00:06:39

Health: 0/16       AC:  2    Str:  6    XL:     3   Next: 37%
Magic:  4/7        EV: 21    Int: 14    God:
Gold:   190        SH:  0    Dex: 23    Spells: 0/6 levels left
                                        Lives:  0   Deaths: 0

rFire   . . .      SeeInvis +     - Unarmed
rCold   . . .      Faith    .   (shield unavailable)
rNeg    . . .      Spirit   .   (body armour unavailable)
rPois   x          Reflect  .   (helmet unavailable)
rElec   .          Harm     .   (cloak unavailable)
rCorr   .          Rampage  .   (gloves unavailable)
Will    .....                   (boots unavailable)
Stlth   ++........              (no amulet)
HPRegen 0.05/turn               (no ring)
MPRegen 0.10/turn               (no ring)

@: spider-form (expiring)
A: venomous fangs, tiny, (claws 1), (fangs 3), see invisible, (speed 1), (shaggy
fur 1), (stealthy paws), no weapons or thrown items, no armour, multi-lived
a: End Transformation


You were on level 2 of the Dungeon.
You were a venomous arachnid creature.
You visited 1 branch of the dungeon, and saw 3 of its levels.

You collected 190 gold pieces.

Inventory:

Scrolls
 c - 2 scrolls of noise {unknown}
 d - a scroll of summoning {unknown}
 e - 5 scrolls of identify {unknown}
 f - 2 scrolls of magic mapping {unknown}
 g - a scroll of amnesia {unknown}
 h - 2 scrolls of fear {unknown}
 i - a scroll of teleportation {unknown}


   Skills:
 - Level 1.8 Fighting
 - Level 3.3 Dodging
 - Level 0.3 Stealth
 - Level 3.7 Unarmed Combat
 - Level 2.0 Spellcasting
 - Level 2.1 Transmutations
 + Level 0.2 Poison Magic


You couldn't memorise any spells.
You knew the following spells:

 Your Spells              Type           Power      Damage    Failure   Level
a - Beastly Appendage     Tmut           14%        N/A       24%         1
b - Wereblood             Tmut           7%         N/A       32%         2
c - Spider Form           Tmut/Pois      4%         N/A       63%         3

Your spell library contained the following spells:

 Spells                   Type           Power      Damage    Failure   Level
 Ice Form                 Ice/Tmut       4%         N/A       94%         4


Dungeon Overview and Level Annotations

Branches:
Dungeon (3/15)

Altars:

Annotations:
D:2 Robin


Innate Abilities, Weirdness & Mutations

You are a venomous arachnid creature.
You have poisonous fangs.
You are tiny and dextrous.
Your spellcasting is less reliable in this form.
((You have sharp claws.))
((You have razor-sharp teeth.))
You have supernaturally acute eyesight. (SInv)
((You cover ground quickly. (Speed+)))
((You are covered in fur. (AC +1)))
((Your paws help you pounce on unaware monsters.))
You are incapable of wielding weapons or throwing items.
You cannot wear armour.
You gain extra lives every three experience levels.


Message History

Casting: Spider Form (potentially lethal; 41% risk of failure)
Confirm with . or Enter, or press ? or * to list all spells.
The spell is potentially lethal to miscast (41% risk of failure)!
Continue anyway?
You miscast Spider Form.
You are very lightly contaminated with residual magic.
You feel incredibly sick!
You are poisoned.
You feel sick.
Unknown command.
You start resting.
You feel sick. x5
You are no longer poisoned.
You start resting.
Your magical contamination has completely faded away.
You start resting.
Magic restored.
You start resting.
HP restored.
Casting: Spider Form (potentially lethal; 41% risk of failure)
Confirm with . or Enter, or press ? or * to list all spells.
The spell is potentially lethal to miscast (41% risk of failure)!
Continue anyway?
You turn into a venomous arachnid creature.
You climb downwards.
Level annotation: Robin
There is a stone staircase leading up, spattered with blood here.
Your transformation is almost over.
Robin barely misses you.
You see here a +0 club.
Robin misses you.
You hit Robin.
Robin is poisoned.
Robin is lightly wounded.
Robin hits you with a +3 trident of freezing!
Ouch! That really hurt!
Robin freezes you.
* * * LOW HITPOINT WARNING * * *
You hit Robin.
Robin is lightly wounded.
Robin hits you with a +3 trident of freezing.
* * * LOW HITPOINT WARNING * * *
Robin freezes you.
You die...

##.####...#####.###..............
..........#####.# #.####'##......
.g..............# #.# #.##......
.....##..######.###.####.........
.....##..# ##.##...............
.....##..# ##...#..#######......
.....'...## #....................
.....##...###..g.................
.....##..#...#.#s........#.#.#...
.....##.#8.⌠..##).....#..#.......
##'#######..⌠.##<....<...#...#...
##.##.#8#∩#...#....###.......#.#)
.....#...#_#8#..........##.......
##...#.⌠..###....................
#####..⌠.8#...#.#####...........
#####.#...##...#.................
.......###.#...#######...........


You could see Robin (very poisoned).

Vanquished Creatures
  An adder (D:2)
  3 bats
  4 endoplasms
  9 goblins
  3 hobgoblins (D:1)
  3 jackals (D:1)
  A ball python (D:2)
  A frilled lizard (D:1)
  2 kobolds
  2 rats
29 creatures vanquished.

Notes
Turn   | Place    | Note
-------+----------+-------------------------------------------
     0 | D:1      | holysushi the Felid Transmuter began the quest for the Orb.
     0 | D:1      | Reached XP level 1. HP: 9/9 MP: 4/4
   752 | D:1      | Reached XP level 2. HP: 5/12 MP: 4/6
  1551 | D:2      | Found a faded altar of an unknown god.
  1659 | D:2      | Noticed Robin
  2702 | D:1      | Learned a level 2 spell: Wereblood
  3028 | D:1      | Reached XP level 3. HP: 16/16 MP: 4/7
  3054 | D:1      | Learned a level 3 spell: Spider Form
  4634 | D:2      | Slain by Robin

Illustrated notes

Levels and vault maps discovered:
D:1:      zelgadis_glass_arrival_large, layout_basic
D:2:      layout_basic, shapermc_ecumenical_altar_venn, minmay_pentomino_p4,
          uniq_robin
D:3:      layout_rooms, nicolae_overflow_hidden_temple,
          mainiacjoe_overflow_catch_the_wave

Skill      XL: |  1 |
---------------+----+-----
Dodging        | 3 |  3.3
Fighting       | |  1.8
Stealth        | |  0.3
Unarmed Combat | |  3.7
Spellcasting   | |  2.0
Transmutations | |  2.1
Poison Magic   | |  0.2

Action                   || total
-------------------------++-------
Melee: Unarmed           ||    77
       Bite              ||     8
       Headbutt          ||     7
       Punch             ||     1
 Cast: Beastly Appendage ||    24
       Wereblood         ||     1
       Spider Form       ||     2
  Use: Potion            ||     3
 Stab: Sleeping          ||     2
Armor: Skin              ||     6
Dodge: Dodged            ||   109

Table legend: (Time is in decaauts)
 A = Elapsed time spent in this place.
 B = Non-inter-level travel time spent in this place.
 C = Inter-level travel time spent in this place.
 D = Time resting spent in this place.
 E = Time spent auto-exploring this place.
 F = Levels seen in this place.
 G = Mean time per level.
                   A        B        C        D        E       F      G
               +--------+--------+--------+--------+--------+-----+--------+
         Total |   4277 |   4183 |     94 |   2566 |    842 |   3 | 1425.7 |
       Dungeon |   4277 |   4183 |     94 |   2566 |    842 |   3 | 1425.7 |
               +--------+--------+--------+--------+--------+-----+--------+

Top non-repeatable levels by time:
     D:1: 3329 daAuts
     D:2: 920 daAuts
     D:3: 27 daAuts
